 Dungeon Crawl Stone Soup version 0.20.0-15-g7f486f2 (webtiles) character file.

1884 dvd the Cleaver (level 8, -2/70 HPs)
             Began as a Minotaur Fighter on June 25, 2017.
             Slain by a two-headed ogre
             ... wielding a +0 giant club
              (16 damage)
             ... on level 7 of the Dungeon.
             The game lasted 00:10:07 (5624 turns).

dvd the Cleaver (Minotaur Fighter)                  Turns: 5624, Time: 00:10:08

Health: -2/70      AC: 13    Str: 22      XL:     8   Next: 92%
Magic:  7/7        EV:  9    Int:  5      God:
Gold:   296        SH: 10    Dex:  9 (11) Spells: 7/7 levels left

rFire    . . .     SeeInvis .   a - +0 war axe
rCold    . . .     Gourm    .   c - +0 shield
rNeg     . . .     Faith    .   b - +0 scale mail
rPois    .         Spirit   .   (helmet unavailable)
rElec    .         Reflect  .   s - +0 cloak
rCorr    .         Harm     .   x - +1 pair of gloves
MR       .....                  (no boots)
Stlth    ..........             (no amulet)
Regen    0.0/turn               (no ring)
MPRegen  0.1/turn               (no ring)

@: no status effects
A: retaliatory headbutt, beak, horns 3, slimy green scales 1, deterioration 1,
inhibited regeneration
a: no special abilities


You were on level 7 of the Dungeon.
You were not hungry.

You visited 1 branch of the dungeon, and saw 7 of its levels.

You collected 296 gold pieces.

Inventory:

Hand Weapons
 a - a +0 war axe (weapon)
 t - a +4 quarterstaff of chaos
Missiles
 w - a tomahawk (quivered)
Armour
 b - a +0 scale mail (worn)
 c - a +0 shield (worn)
 s - a +0 cloak (worn)
 x - a +1 pair of gloves (worn)
Scrolls
 e - 6 scrolls of identify {unknown}
 g - a scroll of fog {unknown}
 h - a scroll of torment {unknown}
 i - 4 scrolls of teleportation
 j - 2 scrolls of recharging
 l - 2 scrolls of remove curse
 r - a scroll of immolation {unknown}
 v - a scroll of noise {unknown}
Potions
 k - a potion of heal wounds
 m - a potion of ambrosia
 o - 2 potions of flight
 p - 2 potions of curing
 q - a potion of mutation {unknown}
 u - a potion of degeneration {unknown}
Comestibles
 d - 3 chunks of flesh
 f - 4 bread rations
 n - 3 fruits
 A - 6 meat rations


   Skills:
 + Level 6.2 Fighting
 + Level 8.9 Axes
 + Level 2.4 Throwing
 + Level 6.9 Armour
 + Level 3.4 Dodging
 + Level 0.5 Stealth
 + Level 6.6 Shields


You had 7 spell levels left.
You didn't know any spells.

Dungeon Overview and Level Annotations

Branches:
Dungeon (7/15)
 Temple: D:4-7

Altars:
The Shining One


Innate Abilities, Weirdness & Mutations

You reflexively headbutt those who attack you in melee.
You have a pair of large horns on your head.
You have a beak for a mouth.
You are partially covered in slimy green scales. (AC +2)
Your body sometimes deteriorates upon taking damage.
You do not regenerate when monsters are visible.


Message History

You peck the two-headed ogre.
The two-headed ogre is lightly wounded.
The orc priest invokes the aid of Beogh against you.
Beogh smites you!
The two-headed ogre hits you with a giant club.
The two-headed ogre closely misses you.
You slash the two-headed ogre!
The two-headed ogre is moderately wounded.
You block the two-headed ogre's attack.
The two-headed ogre hits you with a giant club!
Your body deteriorates!
You feel clumsy.
The orc priest looks braver for a moment.
Unknown command.
You slash the two-headed ogre! Your peck misses the two-headed ogre.
The two-headed ogre is heavily wounded.
The two-headed ogre hits you with a giant club!
* * * LOW HITPOINT WARNING * * *
Your body deteriorates!
You feel clumsy.
The two-headed ogre hits you with a giant club!
You die...

.....#.........# #.
.....#.........# #.#
......!........# #.#
............... #.#
.....(......... #.#
...........# #.#
........o..#########.####
........O...[......#.....
........@...######.#.####
.............)...#...#
.............###+###'####
..............#..........
............#.#..........
#+#.......#.#.#..........
#.......#......#.###+#'##
###.#########..#.# #.# #.
......# #.##


You could see a two-headed ogre and an orc priest.

Vanquished Creatures
  Duvessa (D:7)
  The ghost of Sunburn the Ogre Mage, an amateur OgFE (D:5)
  A hornet zombie (D:6)
  2 sky beasts
  A phantom (D:6)
  2 ogres (D:5)
  A centaur (D:5)
  A bullfrog (D:7)
  A gnoll sergeant (D:6)
  Dowan (D:7)
  A scorpion (D:5)
  A bullfrog zombie (D:5)
  A hound (D:4)
  Crazy Yiuf (D:2)
  2 orc priests (D:5)
  2 jellies
  3 orc wizards
  Terence (D:3)
  2 bullfrog skeletons
  2 worker ants
  3 iguanas
  9 gnolls
  11 adders
  2 oozes (D:2)
  An adder zombie (D:5)
  An adder skeleton (D:5)
  3 worms
  A dart slug (D:1)
  4 leopard geckos
  11 orcs
  A giant cockroach (D:2)
  4 goblins
  12 hobgoblins
  7 jackals
  11 kobolds
  3 quokkas
  2 ball pythons (D:3)
  A ball python skeleton (D:5)
  9 bats
  7 frilled lizards
  A quokka skeleton (D:3)
  24 rats
156 creatures vanquished.

Notes
Turn   | Place    | Note
-------+----------+-------------------------------------------
     0 | D:1      | dvd the Minotaur Fighter began the quest for the Orb.
     0 | D:1      | Reached XP level 1. HP: 19/19 MP: 0/0
   135 | D:1      | Reached XP level 2. HP: 23/27 MP: 1/1
   539 | D:1      | Reached XP level 3. HP: 29/33 MP: 2/2
   990 | D:2      | Reached skill level 3 in Axes
  1129 | D:2      | Reached XP level 4. HP: 15/40 MP: 3/3
  1594 | D:2      | Found a runed door.
  1598 | D:2      | Noticed Crazy Yiuf
  1603 | D:2      | Killed Crazy Yiuf
  1916 | D:3      | Noticed Terence
  1919 | D:3      | Reached skill level 4 in Axes
  1919 | D:3      | Reached XP level 5. HP: 40/47 MP: 4/4
  1925 | D:3      | Killed Terence
  1925 | D:3      | Reached skill level 1 in Dodging
  2271 | D:3      | Reached skill level 5 in Shields
  2278 | D:3      | Reached skill level 5 in Axes
  2278 | D:3      | Reached XP level 6. HP: 45/53 MP: 5/5
  2553 | D:4      | Reached skill level 5 in Armour
  3199 | D:4      | Found a glowing golden altar of the Shining One.
  3290 | D:5      | Entered Level 5 of the Dungeon
  3381 | D:5      | Reached skill level 5 in Fighting
  3381 | D:5      | Reached skill level 6 in Axes
  3381 | D:5      | Reached XP level 7. HP: 39/61 MP: 6/6
  3974 | D:5      | Reached skill level 7 in Axes
  4047 | D:5      | Reached skill level 1 in Throwing
  4633 | D:5      | Noticed Sunburn's ghost (amateur OgFE)
  4643 | D:5      | Killed Sunburn's ghost
  4643 | D:5      | Reached XP level 8. HP: 59/69 MP: 7/7
  4693 | D:5      | Gained mutation: You do not regenerate when monsters are visible. [mutagenic meat]
  4694 | D:5      | Gained mutation: Your body sometimes deteriorates upon taking damage. [mutagenic meat]
  4695 | D:5      | Gained mutation: You have a pair of large horns on your head. [mutagenic meat]
  4696 | D:5      | Gained mutation: You are partially covered in slimy green scales. (AC +2) [mutagenic meat]
  4697 | D:5      | Gained mutation: You have a beak for a mouth. [mutagenic meat]
  4942 | D:6      | Reached skill level 8 in Axes
  5298 | D:6      | Noticed a two-headed ogre
  5461 | D:7      | Noticed Dowan
  5462 | D:7      | Noticed Duvessa
  5481 | D:7      | Killed Duvessa
  5498 | D:7      | Killed Dowan
  5615 | D:7      | Noticed a two-headed ogre
  5624 | D:7      | Slain by a two-headed ogre

Skill      XL: |  1  2  3  4  5  6  7  8 |
---------------+-------------------------+-----
Shields        | 4 5 6 |  6.6
Fighting       | 4 5 6 |  6.2
Armour         | 4 5 6 |  6.9
Axes           | 3 4 5 6 7 8 |  8.9
Dodging        | 1 2 3 |  3.4
Throwing       | 1 2 |  2.4
Stealth        | |  0.5

Action                   |  1- 3 |  4- 6 |  7- 9 || total
-------------------------+-------+-------+-------++-------
Melee: War axe           |    93 |   166 |   166 ||   425
       Headbutt          |    12 |    27 |    31 ||    70
       Peck              |       |       |    15 ||    15
Throw: Tomahawk          |       |     4 |    25 ||    29
  Use: Potion            |       |     1 |     9 ||    10
       Scroll            |       |     4 |       ||     4
  Eat: Chunk             |     1 |     7 |    11 ||    19
       Royal jelly       |       |       |     1 ||     1
Armor: Scale mail        |    50 |    70 |    63 ||   183
Dodge: Dodged            |    33 |    51 |    46 ||   130
Block: Shield            |    67 |   109 |    84 ||   260
